 Dungeon Crawl Stone Soup version 0.27-a0-828-g8289197e94 (webtiles) character file.

Game seed: 14084080453089756069

79 polve the Slasher (level 4, -1/35 HPs)
             Began as a Demonspawn Abyssal Knight on Mar 30, 2021.
             Was a Follower of Lugonu.
             Slain by an adder (3 damage)
             ... on level 2 of the Dungeon.
             The game lasted 00:02:17 (2613 turns).

polve the Slasher (Demonspawn Abyssal Knight)       Turns: 2613, Time: 00:02:18

Health: -1/35      AC:  8    Str: 12    XL:     4   Next: 16%
Magic:  5/5        EV:  8    Int: 15    God:    Lugonu [*.....]
Gold:   130        SH:  0    Dex: 12    Spells: 3/3 levels left

rFire    . . .     SeeInvis .   (no weapon)
rCold    . . .     Faith    .   (no shield)
rNeg     . . .     Spirit   .   g - +0 scale mail
rPois    .         Reflect  .   (no helmet)
rElec    .         Harm     .   (no cloak)
rCorr    .         Rampage  .   (no gloves)
Will     .....                  (no boots)
Stlth    ..........             (no amulet)
HPRegen  0.11/turn              (no ring)
MPRegen  0.09/turn              (no ring)

@: lethally poisoned (-1 -> -9)
A: claws 1, thin metallic scales 1
a: Renounce Religion, Depart the Abyss


You were on level 2 of the Dungeon.
You worshipped Lugonu.
Lugonu was aware of your devotion.
You visited 1 branch of the dungeon, and saw 2 of its levels.
You visited the Abyss 1 time.

You collected 130 gold pieces.

Inventory:

Hand Weapons
 i - a +0 long sword
Armour
 g - a +0 scale mail (worn)
Wands
 e - a wand of polymorph (5)
Scrolls
 b - a scroll of summoning {unknown}
 c - a scroll of blinking {unknown}
Potions
 d - a potion of magic {unknown}
 f - a potion of berserk rage {unknown}
 h - a potion of invisibility {unknown}


   Skills:
 - Level 3.0 Fighting
 + Level 4.1 Long Blades
 - Level 1.7 Armour
 - Level 0.8 Dodging
 - Level 2.4 Invocations


You had 3 spell levels left.
You didn't know any spells.
Your spell library was empty.

Dungeon Overview and Level Annotations

Branches:
Dungeon (2/15)

Altars:


Innate Abilities, Weirdness & Mutations

You have sharp fingernails.
You are partially covered in thin metallic scales. (AC +2)


Message History

You completely miss Natasha.
Natasha is severely wounded.
Natasha barely misses you.
You closely miss Natasha.
Natasha is severely wounded.
Natasha claws you. x2
* * * LOW HITPOINT WARNING * * *
You barely miss Natasha.
Natasha is severely wounded.
Natasha closely misses you.
You riposte.
You hit Natasha.
You kill Natasha!
Lugonu accepts your kill.
Natasha screams in fury as she dies!
Your Long Blades skill increases to level 4!
You have reached level 4!
You feel clever.
Your demonic ancestry asserts itself...
Your fingernails lengthen.
You are now empty-clawed.
An adder is nearby!
An adder is nearby!
An adder is nearby!
The adder hisses angrily.
The adder bites you.
You are poisoned.
The adder poisons you!
You feel sick. The adder bites you.
* * * LOW HITPOINT WARNING * * *
You are lethally poisoned!
The adder poisons you!
* * * LOW HITPOINT WARNING * * *
You feel sick. The adder bites you but does no damage.
The adder closely misses you.
* * * LOW HITPOINT WARNING * * *
You feel sick. The adder bites you.
* * * LOW HITPOINT WARNING * * *
* * * LOW HITPOINT WARNING * * *
You feel sick. The adder bites you but does no damage.
* * * LOW HITPOINT WARNING * * *
You feel sick. The adder bites you.
You die...

#.........#
#.........#
#.g.......#
#.........#
##.# #..#
#.## #S#
#@# #.# #.#
##.#####
##......#
###.......#
#.#.......#
#.#.>.....#
#.........#


You could see an adder.

Vanquished Creatures
  Natasha (D:2)
  A gnoll (D:1)
  An adder (D:2)
  A worm (D:2)
  A dart slug (D:2)
  3 endoplasms (D:1)
  4 goblins
  6 hobgoblins
  3 kobolds (D:1)
  2 quokkas
  2 ball pythons
  A bat (D:1)
  A frilled lizard (D:1)
  3 rats (D:1)
30 creatures vanquished.

Notes
Turn   | Place    | Note
-------+----------+-------------------------------------------
     0 | Abyss:1  | polve the Demonspawn Abyssal Knight began the quest for the
                  | Orb.
     0 | Abyss:1  | Reached XP level 1. HP: 18/18 MP: 2/2
    19 | Abyss:1  | Found a radiant altar of Vehumet.
    51 | Abyss:2  | Noticed an ancient zyme
    71 | Abyss:2  | Noticed a smoke demon
    73 | D:1      | Escaped the Abyss
   436 | D:1      | Reached skill level 2 in Long Blades
  1207 | D:1      | Gained mutation: You are partially covered in thin metallic
                  | scales. (AC +2) [demonic ancestry]
  1207 | D:1      | Reached XP level 2. HP: 7/24 MP: 3/3
  1511 | D:1      | Reached * piety under Lugonu
  1605 | D:1      | Reached skill level 3 in Long Blades
  2110 | D:2      | Reached XP level 3. HP: 29/29 MP: 4/4
  2542 | D:2      | Noticed Natasha
  2561 | D:2      | Killed Natasha
  2562 | D:2      | Reached skill level 4 in Long Blades
  2562 | D:2      | Gained mutation: You have sharp fingernails. [demonic
                  | ancestry]
  2562 | D:2      | Reached XP level 4. HP: 9/35 MP: 5/5
  2613 | D:2      | Slain by an adder

Illustrated notes

Levels and vault maps discovered:
D:1:      dpeg_arrival_simpleton_a, layout_basic, chequers_serial_rivers_marsh
D:2:      layout_rooms, uniq_natasha, uniq_sigmund, uniq_crazy_yiuf_cottage

Skill      XL: |  1  2  3 |
---------------+----------+-----
Long Blades    | 2 3 4 |  4.1
Fighting       | |  3.0
Armour         | |  1.7
Dodging        | |  0.8
Invocations    | |  2.4

Action                   |  1- 3 |  4- 6 || total
-------------------------+-------+-------++-------
Melee: Falchion          |    57 |       ||    57
       Long sword        |    42 |       ||    42
Invok: Depart the Abyss  |     1 |       ||     1
Armor: Leather armour    |     9 |       ||     9
       Scale mail        |    34 |     2 ||    36
Dodge: Dodged            |    56 |     1 ||    57
       Rpst.: Falchion   |     5 |       ||     5
       Long sword        |    11 |       ||    11

Table legend: (Time is in decaauts)
 A = Elapsed time spent in this place.
 B = Non-inter-level travel time spent in this place.
 C = Inter-level travel time spent in this place.
 D = Time resting spent in this place.
 E = Time spent auto-exploring this place.
 F = Levels seen in this place.
 G = Mean time per level.
                   A        B        C        D        E       F      G
               +--------+--------+--------+--------+--------+-----+--------+
         Total |   2633 |   2583 |     50 |      0 |   2249 |   4 |  658.2 |
       Dungeon |   2560 |   2510 |     50 |      0 |   2225 |   2 | 1280.0 |
         Abyss |     72 |     72 |      0 |      0 |     24 |   2 |   36.0 |
               +--------+--------+--------+--------+--------+-----+--------+

Top non-repeatable levels by time:
     D:1: 2269 daAuts
     D:2: 291 daAuts
 Abyss:2: 40 daAuts
 Abyss:1: 32 daAuts
